 Dungeon Crawl Stone Soup version 0.30-a0-867-g305f33218d (webtiles) character file.

Game seed: 12848031600313347619

854 retardedninja the Trooper (level 8, -12/51 HPs)
             Began as a Gargoyle Fighter on Mar 10, 2023.
             Mangled by Duvessa
             ... wielding a +0 short sword
              (14 damage)
             ... on level 5 of the Dungeon.
             The game lasted 00:06:43 (4533 turns).

retardedninja the Trooper (Gargoyle Fighter)        Turns: 4533, Time: 00:06:44

Health: -12/51     AC: 19    Str: 27    XL:     8   Next: 1%
Magic:  8/8        EV:  8    Int: 10    God:
Gold:   207        SH:  5    Dex:  9    Spells: 7/7 levels left

rFire   . . .      SeeInvis .    a - +0 flail
rCold   . . .      Faith    .    c - +0 buckler
rNeg    + . .      Spirit   .    g - +0 chain mail
rPois   ∞          Reflect  .    t - +0 helmet
rElec   +          Rampage  .    (no cloak)
rCorr   .                        b - +0 pair of gloves
Will    .....                    i - +0 pair of boots Stlth
                                 (no amulet)
HPRegen 0.28/turn                n - +6 ring of strength
MPRegen 0.11/turn                (no ring)

@: lit by a corona, hasted, glowing, very quick
A: sickness immunity, AC +5, negative energy resistance 1, electricity
resistance, torment resistance 1, petrification resistance
a: no special abilities


You were on level 5 of the Dungeon.
You visited 1 branch of the dungeon, and saw 5 of its levels.

You collected 207 gold pieces.

Inventory:

Hand Weapons
 a - a +0 flail (weapon)
Missiles
 o - 5 javelins (quivered)
Armour
 b - a +0 pair of gloves (worn)
 c - a +0 buckler (worn)
 g - a +0 chain mail (worn)
 i - a +0 pair of boots (worn)
 t - a +0 helmet (worn)
Jewellery
 n - a +6 ring of strength (left hand)
 w - an amulet of faith
Scrolls
 d - 2 scrolls of amnesia
 f - a scroll of blinking {unknown}
 h - a scroll of poison {unknown}
 k - a scroll of enchant weapon {unknown}
 m - a scroll of vulnerability {unknown}
 r - a scroll of identify
 s - a scroll of teleportation {unknown}
Potions
 j - 4 potions of curing
 l - a potion of flight {unknown}
 p - a potion of mutation
 q - a potion of attraction
 u - a potion of berserk rage {unknown}
 v - a potion of brilliance {unknown}


   Skills:
 + Level 5.8 Fighting
 + Level 4.7 Maces & Flails
 + Level 5.8 Armour
 + Level 5.7 Shields


You had 7 spell levels left.
You didn't know any spells.
Your spell library contained the following spells:

 Spells                   Type           Power      Damage    Failure   Level
 Apportation              Tloc           0%         N/A       95%         1
 Necrotise                Necr           0%         1d4       95%         1
 Summon Small Mammal      Summ           0%         N/A       95%         1
 Call Canine Familiar     Summ           0%         N/A       100%        3
 Kindle Blastsparks       Fire/Tloc/Air  0%         2d10      100%        3
 Portal Projectile        Hex/Tloc       0%         N/A       100%        3
 Dispel Undead            Necr           0%         3d6       100%        4
 Fulminant Prism          Conj/Hex       0%         3d5       100%        4
 Iskenderun's Mystic Bla  Conj/Tloc      0%         2d3       100%        4
 Leda's Liquefaction      Hex/Erth       0%         N/A       100%        4
 Lee's Rapid Deconstruct  Erth           0%         3d4*      100%        5
 Death Channel            Necr           0%         N/A       100%        6
 Cigotuvi's Dreadful Rot  Necr/Pois/Air  Unusable   N/A       N/A         2

Dungeon Overview and Level Annotations

Branches:
Dungeon (5/15)
 Temple: D:4-7

Altars:

Annotations:
D:3 3 runed translucent doors, ZoeForever1's ghost, weakling DsRe; relicbr's ghost, weakling SpDe
D:5 Duvessa


Innate Abilities, Weirdness & Mutations

You are immune to sickness and miasma.
Your stone body is resilient. (AC +5)
You are immune to poison.
You resist negative energy. (rN+)
You are resistant to electric shocks. (rElec)
You are resistant to unholy torment.
You are immune to petrification.


Message History

Dowan is severely wounded.
You block Duvessa's attack. Dowan closely misses you.
Unknown command.
You barely miss Dowan.
Dowan is severely wounded.
Duvessa hits you with a +0 short sword. Dowan barely misses you.
Unknown command.
You barely miss Dowan.
Dowan is severely wounded.
Duvessa closely misses you. Dowan hits you with a +0 dagger.
Unknown command.
You closely miss Dowan.
Dowan is severely wounded.
Duvessa hits you but does no damage.
Dowan smirks and points a slender finger.
Dowan casts a spell at you.
You are outlined in light.
Unknown command.
You closely miss Dowan.
Dowan is severely wounded.
You block Duvessa's attack. Dowan completely misses you.
Unknown command.
You sock Dowan!
You kill Dowan!
Duvessa weeps, and shakes her weapon.
Duvessa goes berserk!
Duvessa hits you with a +0 short sword.
You have reached level 8!
You feel clever.
Unknown command.
You barely miss Duvessa. Duvessa hits you with a +0 short sword!
Duvessa hits you but does no damage. You block Duvessa's attack.
Things that are here:
a +0 dagger; a +0 robe; the elf corpse of Dowan You barely miss Duvessa.
Duvessa hits you but does no damage.
You hit Duvessa but do no damage.
Duvessa hits you with a +0 short sword! x2
You barely miss Duvessa. Duvessa hits you with a +0 short sword!
* * * LOW HITPOINT WARNING * * *
You hit Duvessa but do no damage. Duvessa hits you with a +0 short sword!
You die...

#...## ####
#....###....
#...........
##..........
##.........#
###.........#
............#
.......@....#
###.###e....#
##....#
##...##
#.<..#####
#........###
#..........##
#...........#
#...........#


You could see Duvessa (berserk).

Vanquished Creatures
  Sigmund (D:3)
  Pargi (D:3)
  A scorpion (D:4)
  Dowan (D:5)
  4 orc priests
  A gnoll bouda (D:5)
  Terence (D:3)
  A sleepcap (D:4)
  2 iguanas (D:4)
  An orc wizard (D:4)
  Robin (D:3)
  4 gnolls
  4 adders
  2 worms (D:2)
  2 dart slugs (D:4)
  14 orcs
  13 ball pythons
  6 endoplasms
  4 giant cockroaches (D:3)
  15 goblins
  10 hobgoblins
  4 jackals (D:3)
  A quokka (D:4)
  6 bats
  5 frilled lizards
  4 kobolds
  10 rats
119 creatures vanquished.

Vanquished Creatures (others)
  6 withered plants (D:3)
6 creatures vanquished.

Grand Total: 125 creatures vanquished

Notes
Turn   | Place    | Note
-------+----------+-------------------------------------------
     0 | D:1      | retardedninja the Gargoyle Fighter began the quest for the
                  | Orb.
     0 | D:1      | Reached XP level 1. HP: 14/14 MP: 1/1
   169 | D:1      | Reached XP level 2. HP: 17/19 MP: 2/2
   695 | D:2      | Reached XP level 3. HP: 23/23 MP: 3/3
  1799 | D:3      | Reached XP level 4. HP: 29/29 MP: 4/4
  1807 | D:3      | Noticed Terence
  1822 | D:3      | Killed Terence
  2067 | D:3      | Reached XP level 5. HP: 21/33 MP: 5/5
  2319 | D:3      | Noticed Pargi
  2336 | D:3      | Killed Pargi
  2472 | D:3      | Found a runed translucent gate.
  2473 | D:3      | Found a runed translucent gate.
  2480 | D:3      | Found a runed translucent gate.
  2483 | D:3      | Noticed ZoeForever1's ghost (weakling DsRe)
  2483 | D:3      | Noticed relicbr's ghost (weakling SpDe)
  2500 | D:3      | Reached XP level 6. HP: 39/39 MP: 6/6
  2515 | D:3      | Noticed Sigmund
  2525 | D:3      | Killed Sigmund
  2526 | D:3      | Reached skill level 5 in Fighting
  3033 | D:3      | Noticed Robin
  3039 | D:3      | Reached skill level 5 in Armour
  3050 | D:3      | Killed Robin
  3051 | D:3      | Reached skill level 5 in Shields
  3066 | D:3      | Reached XP level 7. HP: 42/44 MP: 7/7
  3761 | D:5      | Entered Level 5 of the Dungeon
  4510 | D:5      | Noticed Dowan
  4511 | D:5      | Noticed Duvessa
  4526 | D:5      | Killed Dowan
  4527 | D:5      | Reached XP level 8. HP: 47/51 MP: 8/8
  4532 | D:5      | HP: 2/51 [Duvessa/+0 short sword (14)]
  4533 | D:5      | Mangled by Duvessa

Illustrated notes

Levels and vault maps discovered:
D:1:      dpeg_arrival_tiny_a, layout_loops_ring, serial_park_tiny_1,
          minmay_misc_feat_roman, minmay_splitting_lines
D:2:      layout_basic, minivault_19
D:3:      minmay_chambers_of_threes, layout_basic, gammafunk_ghost_cemetery,
          corexii_corridor_pit, uniq_pargi, uniq_sigmund, uniq_robin,
          uniq_terence
D:4:      layout_basic
D:5:      layout_layer_cave, uniq_pikel, uniq_blork_the_orc, uniq_duvessa

Skill      XL: |  1  2  3  4  5  6  7 |
---------------+----------------------+-----
Fighting       | 4 5 |  5.8
Armour         | 4 5 |  5.8
Shields        | 4 5 |  5.7
Maces & Flails | 3 4 |  4.7

Action                     |  1- 3 |  4- 6 |  7- 9 || total
---------------------------+-------+-------+-------++-------
  Melee: Flail             |   126 |   125 |   148 ||   399
  Throw: Javelin           |     6 |       |       ||     6
    Use: Potion            |       |     1 |     6 ||     7
         Scroll            |       |       |     8 ||     8
 Armour: Scale mail        |    66 |     8 |       ||    74
         Chain mail        |       |   118 |   107 ||   225
  Dodge: Dodged            |    63 |    60 |    73 ||   196
  Block: Buckler           |    22 |    37 |    52 ||   111

Table legend: (Time is in decaauts)
 A = Elapsed time spent in this place.
 B = Non-inter-level travel time spent in this place.
 C = Inter-level travel time spent in this place.
 D = Time resting spent in this place.
 E = Time spent auto-exploring this place.
 F = Levels seen in this place.
 G = Mean time per level.
                   A        B        C        D        E       F      G
               +--------+--------+--------+--------+--------+-----+--------+
         Total |   4601 |   4382 |    219 |    910 |   2523 |   5 |  920.2 |
       Dungeon |   4601 |   4382 |    219 |    910 |   2523 |   5 |  920.2 |
               +--------+--------+--------+--------+--------+-----+--------+

Top non-repeatable levels by time:
     D:3: 1546 daAuts
     D:2: 1105 daAuts
     D:5: 724 daAuts
     D:4: 612 daAuts
     D:1: 612 daAuts
